 Dungeon Crawl Stone Soup version 0.29.1-12-g30fa7ad0bf (webtiles) character file.

Game seed: 7517395061452519171

66 MisterFreud the Ducker (level 3, -1/17 HPs)
             Began as a Felid Berserker on Dec 16, 2022.
             Was a Believer of Trog.
             Shot with a sling bullet by a goblin (6 damage)
             ... on level 3 of the Dungeon.
             The game lasted 00:02:15 (2905 turns).

MisterFreud the Ducker (Felid Berserker)            Turns: 2905, Time: 00:02:16

Health: -1/17      AC:  1    Str: 13    XL:     3   Next: 96%
Magic:  4/4        EV: 18    Int:  8    God:    Trog [**....]
Gold:   76         SH:  0    Dex: 17    Spells: 2/2 levels left
                                        Lives:  0   Deaths: 0

rFire   . . .      SeeInvis +     - Unarmed
rCold   . . .      Faith    .   (shield unavailable)
rNeg    . . .      Spirit   .   (body armour unavailable)
rPois   .          Reflect  .   (helmet unavailable)
rElec   .          Harm     .   (cloak unavailable)
rCorr   .          Rampage  .   (gloves unavailable)
Will    +....                   (boots unavailable)
Stlth   +++.......              (no amulet)
HPRegen 0.05/turn               a - ring of willpower
MPRegen 0.09/turn               (no ring)

@: quick
A: very small, claws 1, fangs 3, see invisible, speed 1, shaggy fur 1, stealthy
paws, no weapons or thrown items, no armour, multi-lived
a: Renounce Religion, Berserk, Trog's Hand


You were on level 3 of the Dungeon.
You worshipped Trog.
Trog was pleased with you.
You visited 1 branch of the dungeon, and saw 3 of its levels.

You collected 76 gold pieces.

Inventory:

Jewellery
 a - a ring of willpower (left paw)
Wands
 b - a wand of flame (11)
 h - a wand of roots (10)
Scrolls
 f - a scroll of teleportation
Potions
 c - a potion of brilliance {unknown}
 i - a potion of curing


   Skills:
 - Level 3.0 Fighting
 - Level 4.0 Dodging
 + Level 3.6 Stealth
 + Level 4.0 Unarmed Combat


You had 2 spell levels left.
You didn't know any spells.
Your spell library was empty.

Dungeon Overview and Level Annotations

Branches:
Dungeon (3/15)

Altars:
Xom

Shops:
D:1 ?


Innate Abilities, Weirdness & Mutations

You have sharp claws.
You have razor-sharp teeth.
You have supernaturally acute eyesight. (SInv)
You cover ground quickly. (Speed+)
You are covered in fur. (AC +1)
Your paws help you pounce on unaware monsters.
You are incapable of wielding weapons or throwing items.
You cannot wear armour.
You gain extra lives every three experience levels.


Message History

A hobgoblin comes into view.
A hobgoblin is nearby!
A hobgoblin is nearby!
Found a throwing net.
Found an escape hatch in the ceiling.
The helpless hobgoblin fails to defend itself.
You claw the hobgoblin!
You kill the hobgoblin!
Trog accepts your kill.
A goblin comes into view. It is wielding a +0 dagger.
Found a piece from Xom's chessboard (15/15).
Found a shimmering altar of Xom.
Found 11 gold pieces.
The goblin shouts!
You hear a shout!
The goblin unwields a +0 dagger.
The goblin wields a +0 sling.
The goblin shoots a sling bullet.
The sling bullet hits you.
A goblin is nearby!
The goblin shoots a sling bullet.
The sling bullet completely misses you.
You hear a shout!
An orc comes into view. It is wielding a +0 flail.
The goblin unwields a +0 sling.
The goblin wields a +0 dagger.
The goblin barely misses you.
You barely miss the goblin.
A rat comes into view.
You barely miss the goblin. The goblin barely misses you.
You barely miss the goblin. The goblin hits you with a +0 dagger.
The goblin unwields a +0 dagger.
The goblin wields a +0 sling.
The goblin shoots a sling bullet.
The sling bullet completely misses you.
You hear a shout! x2
The goblin shoots a sling bullet.
The sling bullet misses you.
You hear an angry hiss.
The goblin shoots a sling bullet.
The sling bullet hits you.
* * * LOW HITPOINT WARNING * * *
You hear an angry hiss.
You hear a shout! x2
An orc comes into view. It is wielding a +0 hand axe.
The goblin shoots a sling bullet.
The sling bullet misses you.
The orc shouts!
The goblin shoots a sling bullet.
The sling bullet misses you.
The goblin shoots a sling bullet.
The sling bullet hits you.
You die...

.....................# #...###
.....................# #.....#
.r................<..# #.....####
................(....# #.........
.....................# ##........
.##.....#g#####....######........
#.....#...........##...........
#.....##..........##.##........
#.....##..o...@...##.##........
#.....##..........##.##########
###### ##.o#####.....# ##.#
#.##### #.. #.# ##o# #.# .. #.#
#.# #.


You could see 2 orcs and a goblin.

Vanquished Creatures
  An adder (D:2)
  2 worms (D:2)
  2 dart slugs
  2 ball pythons
  4 bats
  7 endoplasms
  A giant cockroach (D:1)
  5 goblins
  5 hobgoblins
  A quokka (D:2)
  2 frilled lizards
  8 kobolds
  4 rats
44 creatures vanquished.

Notes
Turn   | Place    | Note
-------+----------+-------------------------------------------
     0 | D:1      | MisterFreud the Felid Berserker began the quest for the
                  | Orb.
     0 | D:1      | Reached XP level 1. HP: 10/10 MP: 2/2
   290 | D:1      | Reached skill level 1 in Stealth
   615 | D:1      | Reached XP level 2. HP: 13/14 MP: 3/3
   916 | D:1      | Found a faded altar of an unknown god.
   977 | D:1      | Found Rigodduf's Magic Scroll Emporium.
  1114 | D:1      | You fall into a shaft and drop 1 floor!
  1577 | D:2      | Reached XP level 3. HP: 17/17 MP: 4/4
  1895 | D:2      | Identified the +0 helmet "Wurphiusehi" {rN+}
  2651 | D:3      | Identified the +7 flail "Cat's Regret" {freeze, rN+}
  2674 | D:3      | Reached ** piety under Trog
  2885 | D:3      | Found a shimmering altar of Xom.
  2905 | D:3      | Shot with a sling bullet by a goblin

Illustrated notes

Levels and vault maps discovered:
D:1:      sevenhm_arrival_forest_fort_large_4, layout_basic, serial_shops,
          nicolae_shop_advertising_works [nicolae_subvault_shop_adworks],
          shapermc_ecumenical_altar_totnotflames, minmay_tiny_reverse_x
D:2:      layout_basic
D:3:      layout_basic, xom_butterflies

Skill      XL: |  1  2  3 |
---------------+----------+-----
Stealth        | 1 2 3 |  3.6
Unarmed Combat | 4 |  4.0
Fighting       | |  3.0
Dodging        | |  4.0

Action                   || total
-------------------------++-------
Melee: Unarmed           ||   121
       Bite              ||     9
       Punch             ||     2
Invok: Berserk           ||     1
  Use: Scroll            ||     6
 Stab: Sleeping          ||     7
Armor: Skin              ||     3
Dodge: Dodged            ||    77
